 Dungeon Sprint DCSS version 0.22-a0-353-g2d6336e (webtiles) character file.

40460 soadsod the Unseen (level 13, 0/134 HPs)
             Began as a Deep Dwarf Artificer on Apr 13, 2018.
             Was the Champion of Makhleb.
             Killed by the air
             ... invoked by a spriggan air mage
              (9 damage)
             ... in the Dungeon (Sprint IX: "|||||||||||||||||||||||||||||") on Apr 15, 2018.
             The game lasted 00:44:39 (3711 turns).

soadsod the Unseen (Deep Dwarf Artificer)           Turns: 3711, Time: 00:44:39

Health: 0/134      AC: 27    Str: 17    XL:     13   Next: 74%
Magic:  16/16      EV: 14    Int: 16    God:    Makhleb [******]
Gold:   1491       SH: 15    Dex: 20    Spells: 12/12 levels left

rFire    . . .     SeeInvis .   J - +3 broad axe
rCold    + . .     Gourm    .   s - +0 large shield
rNeg     . . .     Faith    .   L - +5 plate armour "Yteitt" {+Blink Int+4 Dex+3}
rPois    .         Spirit   .   r - +0 helmet
rElec    .         Reflect  .   D - +0 cloak
rCorr    .         Harm     .   (no gloves)
MR       +....     NoTele   +   E - +0 pair of boots {run}
Stlth    +++.......             (no amulet)
HPRegen  0.00/turn              G - ring of protection from cold
MPRegen  0.15/turn              u - +2 ring of evasion

@: non-regenerating, quick
A: damage resistance, heal wounds, sense surroundings 2, no regeneration
a: Heal Wounds, Minor Destruction, Lesser Servant of Makhleb, Major Destruction,
Greater Servant of Makhleb, Renounce Religion, Evoke Blink


You were in the Dungeon.
You worshipped Makhleb.
Makhleb was exalted by your worship.
You were not hungry.

You visited 1 branch You collected 1915 gold pieces.
You spent 424 gold pieces at shops.

Inventory:

Hand Weapons
 a - a +0 short sword
 b - a +3 war axe of freezing
 J - a +3 broad axe (weapon)
Armour
 r - a +0 helmet (worn)
 s - a +0 large shield (worn)
 D - a +0 cloak (worn)
 E - a +0 pair of boots of running (worn)
 F - the +2 chain mail of Dice, Bag, and Bottle {rPois}
   (You bought it in a shop in the Dungeon)

   It protects you from poison.
 K - +0 shadow dragon scales
 L - the +5 plate armour "Yteitt" (worn) {+Blink Int+4 Dex+3}
   (You found it in the Dungeon)

   It affects your intelligence (+4).
   It affects your dexterity (+3).
   It lets you blink.
Jewellery
 t - a +3 ring of dexterity
 u - a +2 ring of evasion (right hand)
 G - a ring of protection from cold (left hand)
 H - an uncursed ring of protection from cold
 I - an uncursed ring of fire
Wands
 c - a wand of flame (10)
 d - a wand of enslavement (5)
 e - a wand of random effects (8)
 q - a wand of iceblast (4)
Scrolls
 l - 3 scrolls of blinking
 o - 5 scrolls of remove curse
 p - 2 scrolls of amnesia
 y - a scroll of magic mapping
 A - 3 scrolls of fear
 B - a scroll of fog
 N - 2 scrolls of enchant weapon
Potions
 g - 4 potions of curing
 h - 7 potions of heal wounds
 i - a potion of haste
 j - 4 potions of magic
 k - a potion of berserk rage
 m - a potion of flight {unknown}
 n - a potion of invisibility
 v - 2 potions of cancellation {unknown}
 w - a potion of agility
 x - a potion of brilliance
 z - a potion of resistance
 M - a potion of might
Comestibles
 f - 11 rations
 C - 16 chunks of flesh


   Skills:
 + Level 13.9 Fighting
 - Level 2.9 Short Blades
 + Level 15.8 Axes
 + Level 16.1 Armour
 + Level 16.3 Dodging
 + Level 18.6 Stealth
 * Level 6.7 Shields
 + Level 18.3 Invocations
 - Level 10.2 Evocations


You had 12 spell levels left.
You didn't know any spells.

Dungeon Overview and Level Annotations

Branches:
Dungeon (1/1)

Altars:
Cheibriados
Dithmenos
Elyvilon
Fedhas
Gozag
Hepliaklqana
Kikubaaqudgha
Makhleb
Nemelex Xobeh
Okawaru
Qazlal
Ru
Sif Muna
Trog
Uskayaw
Vehumet
Wu Jian
Xom
Yredelemnul
Zin
The Shining One
Beogh
Jiyva
Lugonu

Shops:
D ((![


Innate Abilities, Weirdness & Mutations

You are resistant to damage.
You can heal yourself by infusing magical energy.
You passively map the area around you.
You do not regenerate.


Message History

* * * LOV HITPOINT VARNING * * *
Ze spark vasp blinks!
Ze yaktaur vields ann arbalest.
Ze yaktaur schots a bolt.
Yu blok ze bolt.
Ze spark vasp bursts into living lightning!
Ze living lightning hits yu!
* * * LOV HITPOINT VARNING * * *
Ze spark vasp blinks!
Okay, zen.
Unknovn komand.
Unknovn komand.
Unknovn komand.
Yu kompletely mis ze spark vasp.
Ze spark vasp ist almost dead.
Ze spark vasp stings yu!
* * * LOV HITPOINT VARNING * * *
Ze spark vasp schoks yu!
* * * LOV HITPOINT VARNING * * *
Ze sprigann air mag vaves its arms in vid sirkles.
Ze air tvists arund und strikes yu!
Yu die...

▓.........'...=.)))))).).
▓▓▓▓▓▓▓▓▓▓▓▓▓▓▓▓▓▓▓▓▓▓▓▓▓
▓........................
▓.▓▓▓▓▓▓▓▓▓▓▓▓▓▓▓▓▓▓▓▓▓▓▓
▓.............).)).).....
▓▓▓▓▓▓▓▓▓▓▓▓▓▓▓▓▓▓▓▓▓▓▓▓▓
▓........................
▓.▓▓▓▓▓▓▓▓▓▓▓▓▓▓▓▓▓▓▓▓▓▓▓
▓.§.....@ycDCci..c'†Cc...
▓▓▓▓▓▓▓▓▓▓▓▓▓▓▓▓▓▓▓▓▓▓▓▓▓
* , , , ,, , * * ** * * ,
+ , , * * , , ,, , * * *
** , + ,,, ,


You could see an ice dragon, a stone giant, a spark wasp, a spriggan air mage
and 2 yaktaurs.

Vanquished Creatures
  Saint Roka (D)
  Rupert (D)
  A thorn hunter (D)
  Agnes (D)
  A frost giant (D)
  A nagaraja (D)
  2 very ugly things (D)
  A merfolk impaler (D)
  A naga warrior (D)
  Harold (D)
  A hydra (D)
  A ghost crab (D)
  3 ice dragons (D)
  A merfolk avatar (D)
  2 two-headed ogres (D)
  Erica (D)
  4 alligators (D)
  3 death yaks (D)
  A deep troll shaman (D)
  A glowing orange brain (D)
  A sea snake (D)
  A wizard (D)
  An orc knight (D)
  6 orc sorcerers (D)
  4 wolf spiders (D)
  A cyclops (D)
  A merfolk siren (D)
  4 naga magi (D)
  A torpor snail (D)
  A gargoyle (D)
  2 spiny frogs (D)
  A water nymph (D)
  A rime drake (D)
  2 yaktaurs (D)
  A troll (D)
  3 merfolk (D)
  A slime creature (D)
  A hornet (D)
  A blink frog (D)
  2 hippogriffs (D)
  A shadow (D)
  A spriggan (D)
  2 tarantellas (D)
  2 yaks (D)
  A basilisk (D)
  A hungry ghost (D)
  A vampire mosquito (D)
  2 nagas (D)
  A soldier ant (D)
  2 water moccasins (D)
  2 wargs (D)
  11 orc warriors (D)
  2 porcupines (D)
  A wolf (D)
  4 crocodiles (D)
  A big kobold (shapeshifter) (D)
  A big kobold (D)
  A bullfrog (D)
  2 crimson imps (D)
  A hound (D)
  4 orc priests (D)
  2 jellies (D)
  6 orc wizards (D)
  An adder (D)
  An adder zombie (D)
  11 orcs (D)
  A bat skeleton (D)
  2 goblins (D)
  3 hobgoblins (D)
  A leopard gecko skeleton (D)
  A briar patch (D)
138 creatures vanquished.

Vanquished Creatures (collateral kills)
  A ghost moth (D)
  A catoblepas (D)
  2 death yaks (D)
  A sea snake (D)
  An orc sorcerer (D)
  2 redbacks (D)
  2 yaks (D)
10 creatures vanquished.

Vanquished Creatures (others)
  Sonja (D)
  An orc sorcerer (D)
  A troll (D)
  A tyrant leech (D)
  An ice beast (D)
  A jelly (D)
  An orc wizard (D)
  A leopard gecko (D)
  3 briar patches (D)
11 creatures vanquished.

Grand Total: 159 creatures vanquished

Notes
Turn   | Place    | Note
-------+----------+-------------------------------------------
     0 | D        | soadsod the Deep Dwarf Artificer began the quest for the Orb.
     0 | D        | Reached XP level 1. HP: 16/16 MP: 3/3
     4 | D        | Reached skill level 1 in Fighting
     4 | D        | Reached skill level 1 in Short Blades
    32 | D        | Noticed a jelly
    32 | D        | Noticed a hound
    41 | D        | HP: 7/18 [acid (4)]
    42 | D        | HP: 2/18 [acid (5)]
    45 | D        | Reached XP level 2. HP: 25/25 MP: 5/5
    46 | D        | Reached skill level 1 in Armour
    46 | D        | Reached skill level 5 in Evocations
    55 | D        | Reached XP level 3. HP: 33/33 MP: 7/7
   225 | D        | Found a roughly hewn altar of Beogh.
   225 | D        | Found a snail-covered altar of Cheibriados.
   225 | D        | Found a shadowy altar of Dithmenos.
   225 | D        | Found a white marble altar of Elyvilon.
   225 | D        | Found a blossoming altar of Fedhas.
   225 | D        | Found an opulent altar of Gozag.
   226 | D        | Found a hazy altar of Hepliaklqana.
   227 | D        | Found a viscous altar of Jiyva.
   228 | D        | Found an ancient bone altar of Kikubaaqudgha.
   229 | D        | Found a corrupted altar of Lugonu.
   230 | D        | Found a burning altar of Makhleb.
   231 | D        | Found a sparkling altar of Nemelex Xobeh.
   232 | D        | Found an iron altar of Okawaru.
   233 | D        | Found a stormy altar of Qazlal.
   234 | D        | Found a sacrificial altar of Ru.
   235 | D        | Found a deep blue altar of Sif Muna.
   236 | D        | Found a bloodstained altar of Trog.
   237 | D        | Found a hide-covered altar of Uskayaw.
   238 | D        | Found a radiant altar of Vehumet.
   239 | D        | Found an ornate altar of the Wu Jian Council.
   240 | D        | Found a shimmering altar of Xom.
   241 | D        | Found a basalt altar of Yredelemnul.
   242 | D        | Found a glowing silver altar of Zin.
   243 | D        | Found a glowing golden altar of the Shining One.
   341 | D        | Became a worshipper of Makhleb the Destroyer
   366 | D        | Noticed a big kobold
   366 | D        | Noticed a troll
   366 | D        | Noticed an ice beast
   366 | D        | Noticed a gargoyle
   383 | D        | Killed a big kobold
   383 | D        | Reached skill level 5 in Stealth
   383 | D        | Reached XP level 4. HP: 24/42 MP: 8/8
   386 | D        | HP: 17/42 [troll (7)]
   394 | D        | Reached skill level 5 in Dodging
   394 | D        | Reached XP level 5. HP: 35/50 MP: 8/10
   400 | D        | HP: 11/50 [gargoyle/flail (16)]
   401 | D        | HP: 2/50 [gargoyle/flail (9)]
   407 | D        | HP: 24/50 [gargoyle/flail (1)]
   412 | D        | Killed a gargoyle
   412 | D        | Reached * piety under Makhleb
   412 | D        | Reached skill level 5 in Fighting
   412 | D        | Reached skill level 5 in Axes
   412 | D        | Reached skill level 5 in Armour
   412 | D        | Reached XP level 6. HP: 48/61 MP: 10/12
   415 | D        | Reached XP level 7. HP: 53/67 MP: 10/13
   429 | D        | Noticed a troll
   429 | D        | Noticed a hippogriff
   429 | D        | Noticed a hungry ghost
   432 | D        | HP: 32/67 [troll (10)]
   439 | D        | HP: 31/67 [troll (9)]
   448 | D        | Killed a troll
   454 | D        | Killed a hippogriff
   454 | D        | Reached ** piety under Makhleb
   480 | D        | Killed a hungry ghost
   480 | D        | Reached skill level 10 in Evocations
   480 | D        | Reached XP level 8. HP: 76/76 MP: 14/14
   494 | D        | Reached *** piety under Makhleb
   615 | D        | Found the +7 longbow "Piercer" {penet, EV-2}
   627 | D        | soadsod: ??piercer
   627 | D        | beem: piercer[1/1]: a +7 longbow of penetration with -2 EV.
   655 | D        | Noticed a hippogriff
   655 | D        | Noticed a rime drake
   804 | D        | Killed a hippogriff
   804 | D        | Reached **** piety under Makhleb
   804 | D        | Reached skill level 10 in Stealth
   807 | D        | Noticed a four-headed hydra
   810 | D        | HP: 34/80 [rime drake/flash freeze (14)]
   816 | D        | Killed a rime drake
   816 | D        | Gained mutation: You passively map the area around you. [Deep Dwarf growth]
   816 | D        | Reached XP level 9. HP: 55/86 MP: 15/15
   819 | D        | HP: 41/86 [four-headed hydra (6)]
   823 | D        | HP: 14/86 [four-headed hydra (7)]
   827 | D        | Killed a five-headed hydra
   827 | D        | Reached skill level 10 in Invocations
   855 | D        | Reached ***** piety under Makhleb
   872 | D        | Noticed a spiny frog
   872 | D        | Noticed a torpor snail
   889 | D        | Reached skill level 10 in Dodging
   894 | D        | Killed a spiny frog
   908 | D        | Killed a torpor snail
   908 | D        | Reached skill level 10 in Armour
   914 | D        | Reached XP level 10. HP: 79/98 MP: 17/17
   932 | D        | Noticed a spiny frog
   942 | D        | HP: 47/98 [spiny frog (19)]
   943 | D        | Killed a spiny frog
   943 | D        | Reached ****** piety under Makhleb
   948 | D        | Noticed a death yak
   948 | D        | Noticed a death yak
   948 | D        | Noticed a death yak
   948 | D        | Noticed a catoblepas
   949 | D        | Noticed a death yak
   953 | D        | Noticed a death yak
   957 | D        | Killed a death yak
   957 | D        | Reached skill level 10 in Axes
   960 | D        | Killed a death yak
   962 | D        | Killed a death yak
  1090 | D        | HP: 49/99 [catoblepas (15)]
  1094 | D        | HP: 21/99 [catoblepas (19)]
  1101 | D        | HP: 48/99 [catoblepas/blast of calcifying dust (3)]
  1103 | D        | Killed a catoblepas
  1106 | D        | Killed a death yak
  1111 | D        | Killed a death yak
  1111 | D        | Reached skill level 10 in Fighting
  1378 | D        | Noticed Erica
  1391 | D        | Killed Erica
  1391 | D        | Reached XP level 11. HP: 96/108 MP: 19/19
  1500 | D        | Noticed an orc knight
  1508 | D        | HP: 48/109 [orc knight/great sword (19)]
  1513 | D        | Killed an orc knight
  1515 | D        | HP: 41/110 [orc warrior/glaive (26)]
  1516 | D        | HP: 18/110 [orc warrior/glaive (26)]
  1548 | D        | HP: 53/110 [orc warrior/long sword (9)]
  1558 | D        | HP: 53/110 [orc warrior/long sword (8)]
  1599 | D        | Found Gure Isi's Weapon Emporium.
  1599 | D        | Noticed an orc sorcerer
  1599 | D        | Noticed an orc sorcerer
  1599 | D        | Noticed an orc sorcerer
  1599 | D        | Noticed an orc sorcerer
  1604 | D        | Noticed an orc sorcerer
  1607 | D        | Noticed a sun demon
  1607 | D        | HP: 52/110 [shot self (9)]
  1617 | D        | Killed an orc sorcerer
  1625 | D        | Noticed a soul eater
  1627 | D        | HP: 54/110 [orc sorcerer/bolt of negative energy (26)]
  1631 | D        | Killed an orc sorcerer
  1634 | D        | Killed an orc sorcerer
  1634 | D        | HP: 54/110 [soul eater/drain life[an orc sorcerer] (8)]
  1637 | D        | Noticed an orc sorcerer
  1638 | D        | Paralysed by an orc sorcerer for 6 turns
  1639 | D        | Noticed a soul eater
  1639 | D        | HP: 24/110 [orc sorcerer/bolt of fire (21)]
  1641 | D        | HP: 7/110 [soul eater/drain life[an orc sorcerer] (17)]
  1642 | D        | Noticed an orc sorcerer
  1647 | D        | HP: 22/110 [soul eater/drain life[an orc sorcerer] (10)]
  1648 | D        | Killed an orc sorcerer
  1657 | D        | Killed an orc sorcerer
  1722 | D        | Killed an orc sorcerer
  1748 | D        | Noticed an orc sorcerer
  1761 | D        | Killed an orc sorcerer
  1769 | D        | Found Duuj's Weapon Shoppe.
  1789 | D        | Found Enuoc's Distillery.
  1793 | D        | Found Opaulu's Antique Armour Shoppe.
  1847 | D        | Bought a pair of embroidered boots for 187 gold pieces
  1852 | D        | Identified a +0 pair of boots of running (You bought it in a shop in the Dungeon)
  1934 | D        | Noticed Sonja
  1999 | D        | Bought a dazzling chain mail for 237 gold pieces
  2000 | D        | Identified the +2 chain mail of Dice, Bag, and Bottle {rPois} (You bought it in a shop in the Dungeon)
  2099 | D        | Noticed Harold
  2115 | D        | Your ally died
  2119 | D        | Killed Harold
  2192 | D        | Got the +5 plate armour "Yteitt" {+Blink Int+4 Dex+3}
  2226 | D        | Noticed a two-headed ogre
  2230 | D        | Noticed a two-headed ogre
  2238 | D        | Reached skill level 15 in Stealth
  2244 | D        | Noticed a purple very ugly thing
  2255 | D        | Killed a two-headed ogre
  2271 | D        | Killed a purple very ugly thing
  2275 | D        | Noticed a deep troll shaman
  2275 | D        | Killed a two-headed ogre
  2275 | D        | Reached skill level 15 in Invocations
  2275 | D        | Reached XP level 12. HP: 112/120 MP: 21/21
  2292 | D        | Noticed an ice dragon
  2299 | D        | Killed a deep troll shaman
  2327 | D        | HP: 30/121 [ice dragon/blast of cold (32)]
  2338 | D        | HP: 59/121 [ice dragon (2)]
  2343 | D        | HP: 51/121 [ice dragon (9)]
  2350 | D        | HP: 29/121 [ice dragon (1)]
  2354 | D        | Killed an ice dragon
  2369 | D        | Noticed an ice dragon
  2389 | D        | Killed an ice dragon
  2432 | D        | Noticed Rupert
  2434 | D        | Upgraded the game from 0.22-a0-351-g29664b4 to 0.22-a0-352-gc608dd7
  2434 | D        | Upgraded the game from 0.22-a0-352-gc608dd7 to 0.22-a0-353-g2d6336e
  2561 | D        | HP: 58/122 [Rupert/triple sword of protection (10)]
  2565 | D        | Killed Rupert
  2640 | D        | Noticed a merfolk avatar
  2646 | D        | Noticed a merfolk impaler
  2658 | D        | Killed a merfolk avatar
  2670 | D        | HP: 50/123 [merfolk impaler/trident of piercing (14)]
  2675 | D        | HP: 33/123 [poisoned by a sea snake]
  2684 | D        | HP: 22/123 [merfolk impaler/trident of piercing (17)]
  2692 | D        | HP: 23/123 [merfolk impaler/trident of piercing (12)]
  2700 | D        | HP: 25/123 [merfolk impaler/trident of piercing (4)]
  2704 | D        | Killed a merfolk impaler
  2789 | D        | Killed a ghost moth
  2789 | D        | Reached skill level 15 in Dodging
  3059 | D        | Noticed a thorn hunter
  3059 | D        | Noticed an alligator
  3059 | D        | Noticed a ghost crab
  3059 | D        | Noticed an alligator
  3083 | D        | Killed a thorn hunter
  3083 | D        | Reached XP level 13. HP: 102/130 MP: 21/21
  3086 | D        | Reached skill level 15 in Armour
  3137 | D        | HP: 61/133 [alligator (17)]
  3153 | D        | HP: 60/133 [spriggan rider/spear (12)]
  3160 | D        | HP: 57/133 [spriggan rider/spear (8)]
  3280 | D        | HP: 48/133 [naga mage/poison arrow (19)]
  3283 | D        | soadsod: ??summon greater servant
  3283 | D        | beem: greater servant[1/1]: Summons a temporary executioner, green death, blizzard demon, balrug, or cacodemon. Hostility chance reduced by invocations skill and piety, in the same way as ability failure chance works normally. 0% hostility only at max or near-max piety & invocations.
  3297 | D        | soadsod: ??makhleb titles
  3297 | D        | beem: I don't have a page labeled makhleb_titles in my learndb.
  3310 | D        | Reached skill level 15 in Axes
  3328 | D        | HP: 65/133 [naga mage/bolt of poison (18)]
  3330 | D        | Noticed a nagaraja
  3333 | D        | HP: 58/133 [poisoned by a naga mage (poison arrow)]
  3347 | D        | HP: 65/133 [nagaraja/spear (5)]
  3353 | D        | HP: 40/133 [anaconda (3)]
  3359 | D        | HP: 40/133 [nagaraja/bolt of poison (12)]
  3361 | D        | HP: 16/133 [poisoned by a nagaraja (bolt of poison)]
  3370 | D        | HP: 51/133 [nagaraja/bolt of poison (20)]
  3374 | D        | Killed a nagaraja
  3387 | D        | HP: 62/133 [naga/halberd (9)]
  3452 | D        | Noticed Agnes
  3463 | D        | HP: 64/133 [Agnes/enchanted lajatang (14)]
  3474 | D        | HP: 44/133 [Agnes/enchanted lajatang (9)]
  3476 | D        | Killed Agnes
  3512 | D        | Noticed Saint Roka
  3519 | D        | HP: 41/133 [Saint Roka/divine providence (12)]
  3544 | D        | Killed Saint Roka
  3621 | D        | Noticed a green very ugly thing
  3621 | D        | Noticed a frost giant
  3623 | D        | Noticed a spark wasp
  3637 | D        | Killed a green very ugly thing
  3637 | D        | Reached skill level 5 in Shields
  3657 | D        | HP: 66/134 [frost giant/bolt of cold (14)]
  3666 | D        | Noticed a stone giant
  3666 | D        | HP: 57/134 [frost giant/battleaxe of freezing (9)]
  3667 | D        | HP: 25/134 [frost giant/battleaxe of freezing (32)]
  3677 | D        | HP: 56/134 [frost giant/battleaxe of freezing (3)]
  3685 | D        | HP: 64/134 [frost giant/battleaxe of freezing (6)]
  3691 | D        | Killed a frost giant
  3691 | D        | HP: 67/134 [spriggan air mage/the air (3)]
  3696 | D        | HP: 61/134 [spriggan air mage/the air (1)]
  3701 | D        | HP: 54/134 [spark wasp (7)]
  3706 | D        | HP: 34/134 [spark wasp (5)]
  3711 | D        | HP: 22/134 [spark wasp (12)]
  3711 | D        | HP: 9/134 [spark wasp (13)]
  3711 | D        | Killed from afar by a spriggan air mage

Vault maps used:
D:        linesprint

Skill      XL: |  1  2  3  4  5  6  7  8  9 10 11 12 13 |
---------------+----------------------------------------+-----
Fighting       | 1 2 3 5 6 7 8 10 11 12 13 | 13.9
Short Blades   | 1 2 |  2.9
Stealth        | 2 4 5 7 9 10 11 13 15 17 18 | 18.6
Armour         | 2 3 4 5 7 8 10 11 13 14 16 | 16.1
Dodging        | 4 5 6 7 9 10 12 13 15 16 | 16.3
Evocations     | 5 6 8 10 | 10.2
Axes           | 2 5 6 7 9 11 13 14 15 | 15.8
Invocations    | 2 3 6 7 9 11 13 15 16 18 | 18.3
Shields        | 6 |  6.7

Action                   |  1- 3 |  4- 6 |  7- 9 | 10-12 | 13-15 || total
-------------------------+-------+-------+-------+-------+-------++-------
Melee: Short sword       |    56 |       |       |       |       ||    56
       War axe           |     6 |    19 |   122 |   259 |       ||   406
       Broad axe         |       |       |       |   112 |   222 ||   334
Invok: Minor Destruction |       |       |     6 |       |     1 ||     7
       Major Destruction |       |       |     2 |    33 |     7 ||    42
       Greater Servant o |       |       |       |     4 |     3 ||     7
       Lesser Servant of |       |       |       |     2 |       ||     2
 Abil: Heal Wounds       |     1 |     4 |     6 |    28 |    22 ||    61
       Evoke Blink       |       |       |       |     3 |     6 ||     9
Evoke: Wand              |     6 |     3 |     4 |     5 |    10 ||    28
  Use: Scroll            |       |       |       |     1 |       ||     1
       Potion            |       |       |       |     1 |     3 ||     4
 Stab: Sleeping          |     1 |       |     1 |     1 |       ||     3
       Confused          |     3 |       |       |       |       ||     3
       Distracted        |       |       |       |     2 |       ||     2
  Eat: Chunk             |       |       |     4 |     7 |       ||    11
       Ration            |       |       |       |     1 |       ||     1
Armor: Leather armour    |     3 |       |       |       |       ||     3
       Scale mail        |     1 |     6 |    22 |    26 |       ||    55
       Troll leather arm |       |       |    21 |     4 |       ||    25
       Chain mail        |       |       |       |    14 |       ||    14
       Plate armour      |       |       |       |   131 |   109 ||   240
Dodge: Dodged            |    33 |    14 |   168 |   265 |   153 ||   633
Block: Large shield      |       |       |       |       |    48 ||    48

Table legend:
 A = Spawn XP
 B = Non-spawn XP
 C = Spawn XP percentage of total XP
 D = Spawn monster count
 E = Non-spawn monster count
 F = Spawn count percentage of total count
 G = Total turns spent on level
                    A         B        C        D         E        F      G
               +---------+---------+-------+---------+---------+-------+---------
         Total |       0 |   57801 |   0.0 |       0 |     152 |   0.0 |  3711
               +---------+---------+-------+---------+---------+-------+---------
             D |       0 |   57801 |   0.0 |       0 |     152 |   0.0 |  3711
               +---------+---------+-------+---------+---------+-------+---------
